 Dungeon Crawl Stone Soup version 0.29.1-15-g9cfb28693d (webtiles) character file.

Game seed: 6711816912250641835

130 Sanktem7 the Trooper (level 4, -3/42 HPs)
             Began as a Minotaur Fighter on Feb 25, 2023.
             Killed from afar by an orc wizard (13 damage)
             ... with a puff of flame
             ... on level 3 of the Dungeon.
             The game lasted 00:02:45 (1853 turns).

Sanktem7 the Trooper (Minotaur Fighter)             Turns: 1853, Time: 00:02:46

Health: -3/42      AC:  7    Str: 22    XL:     4   Next: 89%
Magic:  3/3        EV:  9    Int:  5    God:
Gold:   188        SH:  0    Dex: 10    Spells: 3/3 levels left

rFire   . . .      SeeInvis .   a - +0 war axe {axe}
rCold   . . .      Faith    .   c - +0 buckler
rNeg    . . .      Spirit   .   b - +0 scale mail
rPois   .          Reflect  .   (helmet restricted)
rElec   .          Harm     .   (no cloak)
rCorr   .          Rampage  .   (no gloves)
Will    .....                   (no boots)
Stlth   ..........              (no amulet)
HPRegen 0.14/turn               (no ring)
MPRegen 0.08/turn               (no ring)

@: confused
A: horns 2, retaliatory headbutt
a: no special abilities


You were on level 3 of the Dungeon.
You visited 1 branch of the dungeon, and saw 3 of its levels.

You collected 188 gold pieces.


Innate Abilities, Weirdness & Mutations

You have a pair of horns on your head.
You reflexively headbutt those who attack you in melee.


   Skills:
 * Level 5.1 Fighting
 * Level 4.3 Axes
 + Level 4.4 Armour
 - Level 3.6 Shields


You had 3 spell levels left.
You didn't know any spells.
Your spell library contained the following spells:

 Spells                   Type           Power      Damage    Failure   Level
 Foxfire                  Conj/Fire      0%         2x1d4     87%         1
 Conjure Flame            Conj/Fire      0%         6-21      99%         3
 Inner Flame              Hex/Fire       0%         N/A       99%         3
 Flame Wave               Conj/Fire      0%         2d4       100%        4

Inventory:

Hand Weapons
 a - a +0 war axe (weapon) {axe}
 m - a +2 short sword of draining {short}
   (You took it off an orc on level 3 of the Dungeon)
Missiles
 f - 51 stones (quivered) {throwing}
 j - a throwing net {=f!fthrowing}
Armour
 b - a +0 scale mail (worn)
 c - a +0 buckler (worn)
Scrolls
 e - a scroll of teleportation {unknown}
 g - 4 scrolls of identify {unknown}
 h - 3 scrolls of immolation {unknown}
Potions
 d - 4 potions of might
 i - a potion of invisibility {unknown}
 k - 2 potions of lignification {unknown}
 l - a potion of magic {unknown}

Dungeon Overview and Level Annotations

Branches:
Dungeon (3/15) Zot: 16086

Altars:
Cheibriados
Fedhas

Shops:
D:2

? ....##### #####
...## ##...## ...#
##.....# ...# ......#
...# ..... #..# ... ..
## #.# .# ..# #.####
.#...# #@{..## .....#
#)##..# .#..##
##o###.# ...##
#.†.##.# ...#
#.....#.# ##.#
........#.# ##.#
#####.....#.# >..##
##...##...##.#
#...#####.....#####..#


You could see an orc.


Message History

The adder bites you but does no damage. x2
You barely miss the adder. You completely miss the adder.
You hit the endoplasm but do no damage. The endoplasm closely misses you.
The adder barely misses you. You furiously retaliate!
You headbutt the adder!
You kill the adder!
The adder closely misses you. The endoplasm freezes you.
You are frozen.
The adder bites you.
You are poisoned.
The adder poisons you! You block the adder's attack.
Your Fighting skill increases to level 5! 😕 HP[-8]
You now have 42 max hp (+1).
You take 8 damage, and now have 33/42 hp.
The adder attacks as you move away! You block the adder's attack.
The endoplasm attacks as you move away! You block the endoplasm's attack.
You feel sick. The ball python barely misses you. The ball python grabs you.
The ball python constricts you. 😮 HP[-2]
You take 2 damage, and now have 31/42 hp.
You barely miss the adder. You barely miss the ball python.
You feel sick. The adder bites you.
The ball python bites you but does no damage.
The ball python constricts you. The adder bites you but does no damage.
The ball python bites you but does no damage.
The ball python constricts you. 😮 HP[-3]
You take 3 damage, and now have 28/42 hp.
You hit the adder. You headbutt the adder.
You kill the adder!
You hit the ball python.
You kill the ball python!
You feel sick.
The goblin shoots a sling bullet.
You block the sling bullet. You block the adder's attack.
You slash the adder!
You kill the adder!
You feel sick.
You are no longer poisoned.
The goblin shoots a sling bullet.
The sling bullet hits you. 😮 HP[-5]
You take 5 damage, and now have 23/42 hp.
You hit the endoplasm. You headbutt the endoplasm.
You kill the endoplasm!
You hit the goblin.
The goblin unwields a +0 sling.
The goblin wields a +0 club.
The goblin hits you but does no damage.
The goblin unwields a +0 club.
The goblin wields a +0 sling.
The goblin shoots a sling bullet.
The sling bullet closely misses you.
You hear a shout!
You see here an adder corpse.
An orc comes into view. It is wielding a +0 short sword.
The orc shouts!
You hear a shout!
You hear an angry hiss.
The goblin shoots a sling bullet.
The sling bullet hits you.
* * * LOW HITPOINT WARNING * * *
You see here an adder corpse. 😨 HP[-5]
You take 5 damage, and now have 18/42 hp.
You see here an adder corpse.
You barely miss the goblin.
The goblin unwields a +0 sling.
The goblin wields a +0 club.
You block the goblin's attack.
An orc wizard comes into view. It is wielding a +0 dagger. 😨 HP[+1]
The orc wizard shouts!
You slash the goblin!
You kill the goblin!
You closely miss the orc.
You hear a shout!
You hear an angry hiss.
You block the orc's attack.
Things that are here:
a +0 club {mace}; a +0 sling You see here a ball python corpse.
You slash the orc!
You kill the orc!
An orc comes into view. It is wielding a +0 whip.
The orc wizard barely misses you.
Items here: ) [ ††.
You barely miss the orc wizard. You headbutt the orc wizard.
An orc priest comes into view. It is wielding a +0 hand axe.
The orc wizard gestures at you while chanting.
You are confused. 😨 HP[+1]
You hit the orc wizard. Your headbutt misses the orc wizard.
The orc wizard casts a spell.
The orc wizard flickers and vanishes!
Deactivating autopickup; reactivate with Ctrl-A.
You slash the orc priest! You hit something but do no damage.
Something hits you but does no damage.
The orc priest calls down the wrath of Beogh upon you.
Beogh smites you!
* * * LOW HITPOINT WARNING * * *
😱 HP[-10]
You take 10 damage, and now have 10/42 hp.
MASSIVE DAMAGE!! (PAUSE)
You slash the orc priest!
You kill the orc priest!
You closely miss something.
You hear some strange, mumbled words.
A puff of flame appears from out of thin air!
The puff of flame hits you!
You die...

Skill      XL: |  1  2  3  4 |
---------------+-------------+-----
Fighting       | 4 5 |  5.1
Axes           | 3 4 |  4.3
Armour         | 4 |  4.4
Shields        | |  3.6

Action                   |  1- 3 |  4- 6 || total
-------------------------+-------+-------++-------
Melee: War axe           |    82 |    34 ||   116
       Headbutt          |     9 |     4 ||    13
Armor: Scale mail        |    47 |    20 ||    67
Dodge: Dodged            |    29 |    21 ||    50
Block: Buckler           |    17 |    10 ||    27

Levels and vault maps discovered:
D:1:      dpeg_arrival_shelter, layout_rooms, serial_rivers,
          chequers_serial_rivers_micro_e, chequers_serial_rivers_small_a,
          chequers_serial_rivers_small_3, chequers_serial_rivers_marsh,
          chequers_serial_rivers_large_a
D:2:      layout_rooms, serial_shops, shop_fountains
D:3:      minmay_octagon_keep, layout_rooms, fedhas_ov_isle_minmay,
          mainiacjoe_overflow_surrounded_room

Notes
Turn   | Place    | Note
-------+----------+-------------------------------------------
     0 | D:1      | Sanktem7 the Minotaur Fighter began the quest for the Orb.
     0 | D:1      | Reached XP level 1. HP: 19/19 MP: 0/0
     0 | D:1      | magus.rc [v1.9.6]
   298 | D:1      | Reached XP level 2. HP: 25/27 MP: 1/1
   353 | D:1      | Reached skill level 4 in Fighting
   406 | D:1      | You pick up a book of Flames and begin reading...
   406 | D:1      | You add the spells Foxfire, Conjure Flame, Inner Flame and
                  | Flame Wave to your library.
   478 | D:1      | Reached skill level 3 in Axes
   875 | D:2      | Reached XP level 3. HP: 33/33 MP: 2/2
   891 | D:2      | Reached skill level 4 in Armour
  1063 | D:2      | Found Wuamyv's Magic Scroll Emporium.
  1206 | D:2      | Reached XP level 4. HP: 41/41 MP: 3/3
  1582 | D:3      | Reached skill level 4 in Axes
  1595 | D:3      | Found a snail-covered altar of Cheibriados.
  1742 | D:3      | Found a blossoming altar of Fedhas.
  1835 | D:3      | Reached skill level 5 in Fighting
  1852 | D:3      | HP: 10/42 [orc priest/divine providence (10)]
  1853 | D:3      | Killed from afar by an orc wizard

Vanquished Creatures
  An orc priest (D:3)
  A gnoll (D:1)
  6 adders
  A worm (D:2)
  A dart slug (D:1)
  7 orcs (D:3)
  5 ball pythons
  6 endoplasms
  3 giant cockroaches
  7 goblins
  2 jackals (D:2)
  6 kobolds
  A quokka (D:1)
  5 bats
  2 frilled lizards
  A rat (D:2)
55 creatures vanquished.

Vanquished Creatures (others)
  A plant (D:3)
1 creature vanquished.

Grand Total: 56 creatures vanquished

Table legend:
 A = Non-vault XP
 B = Vault XP
 C = Vault XP percentage of total XP
 D = Non-vault monster count
 E = Vault monster count
 F = Vault count percentage of total count
                 A         B        C        D         E       F
            +---------+---------+-------+---------+---------+-------
      Total |     195 |      32 |  14.1 |      50 |       5 |   9.1
            +---------+---------+-------+---------+---------+-------
        D:1 |      38 |       0 |   0.0 |      15 |       0 |   0.0
        D:2 |      72 |       0 |   0.0 |      21 |       0 |   0.0
        D:3 |      85 |      32 |  27.4 |      14 |       5 |  26.3
            +---------+---------+-------+---------+---------+-------

Illustrated notes

Table legend:
 A = Kills in this place as a percentage of kills in entire the game.
 B = Kills by you in this place as a percentage of kills by you in the entire game.
 C = Kills by friends in this place as a percentage of kills by friends in the entire game.
 D = Other kills in this place as a percentage of other kills in the entire game.
 E = Experience gained in this place as a percentage of experience gained in the entire game.
 F = Experience gained in this place divided by the number of levels of this place that you have seen.
                   A       B       C       D       E      F
               +-------+-------+-------+-------+-------+----------------------
         Total | 100.0 | 100.0 |   N/A |   N/A | 100.0 |  75.7
       Dungeon | 100.0 | 100.0 |   N/A |   N/A | 100.0 |  75.7
               +-------+-------+-------+-------+-------+----------------------

Table legend: (Time is in decaauts)
 A = Elapsed time spent in this place.
 B = Non-inter-level travel time spent in this place.
 C = Inter-level travel time spent in this place.
 D = Time resting spent in this place.
 E = Time spent auto-exploring this place.
 F = Levels seen in this place.
 G = Mean time per level.
                   A        B        C        D        E       F      G
               +--------+--------+--------+--------+--------+-----+--------+
         Total |   1912 |   1832 |     80 |      0 |   1504 |   3 |  637.3 |
       Dungeon |   1912 |   1832 |     80 |      0 |   1504 |   3 |  637.3 |
               +--------+--------+--------+--------+--------+-----+--------+

Top non-repeatable levels by time:
     D:1: 875 daAuts
     D:2: 683 daAuts
     D:3: 353 daAuts
